 Dungeon Sprint DCSS version 0.17-a0-1719-g1afd5a1 (webtiles) character file.

34417 hexophile the Spry (level 13, -13/94 HPs)
             Began as a Spriggan Transmuter on Aug 28, 2015.
             Was the Champion of Cheibriados.
             Killed from afar by a fire dragon (23 damage)
             ... with a blast of flame
             ... in the Dungeon (Sprint IX: "|||||||||||||||||||||||||||||").
             The game lasted 00:15:54 (6837 turns).

hexophile the Spry (Spriggan Transmuter)            Turns: 6837, Time: 00:15:55

Health: -13/94     AC:  9    Str: 25    XL:     13   Next: 42%
Magic:  21/30      EV: 34    Int: 29    God:    Cheibriados [******]
Gold:   741        SH:  0    Dex: 33    Spells: 3 memorised, 27 levels left

rFire  . . .     SeeInvis +       - Unarmed
rCold  + + +     Clarity  .     (armour currently unavailable)
rNeg   . . .     SustAt   .     (shield currently unavailable)
rPois  +         Gourm    .     (helmet currently unavailable)
rElec  .         Spirit   .     (cloak currently unavailable)
rCorr  .         Warding  .     (gloves unavailable)
rMut   .         NoTele   +     (boots unavailable)
MR     ++...                    (no amulet)
Stlth  ++........               b - ring of protection from cold
                                v - ring of protection from fire

@: ice-form, very slow, very resistant to hostile enchantments, unstealthy
A: unfitting armour, see invisible, herbivore 3, (speed 0), slow metabolism 2
a: End Transformation, Bend Time, Temporal Distortion, Slouch, Step From Time,
Renounce Religion


You were in the Dungeon.
You worshipped Cheibriados.
Cheibriados was exalted by your worship.
You were not hungry.
You were a creature of crystalline ice.
You visited 1 branch You collected 1939 gold pieces.
You spent 1198 gold pieces at shops.

Inventory:

Hand weapons
 m - a +5 lajatang of electrocution (melded)
Missiles
 a - 12 arrows
 f - 21 stones (quivered)
Armour
 p - a +2 robe of the Archmagi
 s - a +0 cloak (melded)
 w - a +2 robe of magic resistance
 x - a +0 swamp dragon armour (melded)
Magical staves
 r - an uncursed staff of energy
Jewellery
 b - a ring of protection from cold (right front paw)
 n - a +2 ring of evasion
 o - a +2 ring of evasion
 t - an uncursed ring of protection from magic
 v - a ring of protection from fire (left front paw)
Magical devices
 l - a wand of cold (12)
Scrolls
 e - 6 scrolls of remove curse
 j - 2 scrolls of amnesia
 u - a scroll of fog
Potions
 g - 2 potions of haste
 h - 3 potions of magic
 i - a potion of berserk rage
 q - a potion of curing
 z - 4 potions of heal wounds
Books
 c - a book of Changes

   Spells                             Type                      Level
   a - Beastly Appendage              Transmutation                1
   b - Sticks to Snakes               Transmutation                2
   c - Spider Form                    Transmutation/Poison         3
   d - Ice Form                       Ice/Transmutation            4
   e - Blade Hands                    Transmutation                5
Comestibles
 d - 11 bread rations
 k - 40 fruits


   Skills:
 + Level 14.0 Fighting
 * Level 11.1 Staves
 - Level 20.4 Dodging
 + Level 15.0 Unarmed Combat
 * Level 12.9 Spellcasting
 - Level 13.0 Transmutations
 - Level 3.3 Ice Magic
 - Level 9.5 Invocations


You had 27 spell levels left.
You knew the following spells:

 Your Spells              Type           Power        Failure   Level  Hunger
a - Blade Hands           Trmt           #######...   1%          5    ##.....
b - Beastly Appendage     Trmt           ######       0%          1    None
c - Ice Form              Ice/Trmt       ######..     1%          4    None


Dungeon Overview and Level Annotations

Branches:
Dungeon (1/1)

Altars:
Cheibriados
Dithmenos
Elyvilon
Fedhas
Gozag
Kikubaaqudgha
Makhleb
Nemelex Xobeh
Okawaru
Qazlal
Ru
Sif Muna
Trog
Vehumet
Xom
Yredelemnul
Zin
The Shining One
Beogh
Jiyva
Lugonu

Shops:
D [((!

Annotations:
D Maurice


Innate Abilities, Weirdness & Mutations

You are tiny and cannot use many weapons and most armour.
You have supernaturally acute eyesight.
You are a herbivore.
((You cover ground extremely quickly.))
You need consume almost no food.


Message History

You pulverise the ice dragon!!!
You freeze the ice dragon.
The ice dragon is almost dead.
Unknown command.
You pummel the ice dragon!!
You kill the ice dragon!
Cheibriados appreciates the change of pace.
Your Staves skill increases to level 11!
You squash the ogre mage like an ant!!!
You freeze the ogre mage!
The ogre mage is almost dead.
The fire dragon breathes flames at you.
The blast of flame hits the ogre mage.
The ogre mage dies!
The blast of flame hits you!
* * * LOW HITPOINT WARNING * * *
You hear a shout!
A deep troll shaman comes into view.
The deep troll shaman shouts!
The fire dragon breathes flames at you. The blast of flame hits you!
You die...

▓.▓.▓.▓.▓=▓.▓.▓.▓.
▓.▓.▓.▓.▓.▓.▓.▓.▓.
▓.▓.▓.▓.▓.▓.▓)▓.▓.
▓.▓.▓.▓.▓.▓.▓.▓.▓.
▓.▓.▓'▓.▓)▓.▓.▓.▓.
▓.▓.▓.▓.▓)▓.▓[▓.▓.
▓'▓.▓.▓.▓)▓.▓)▓.▓.
▓.▓.▓.▓.▓)▓.▓.▓.▓.
▓Y▓.▓.▓.▓)▓.▓)▓.▓.
▓.▓.▓)▓.▓)▓.▓)▓.▓.
▓D▓.▓.▓.▓)▓.▓)▓.▓'
▓C▓.▓.▓.▓)▓.▓.▓.▓.
▓C▓.▓)▓.▓.▓.▓.▓.▓.
▓i▓.▓.▓.▓.▓.▓.▓.▓.
▓.▓.▓'▓.▓[▓.▓.▓.▓.
▓T▓.▓)▓.▓[▓.▓.▓.▓.
▓.▓.▓.▓.▓.▓)▓.▓.


You could see a frost giant, a fire giant, a fire dragon, a spriggan air mage
and a deep troll shaman.

Vanquished Creatures
  A lich (D)
  A thorn hunter (D)
  A greater naga (D)
  A yaktaur captain (D)
  A great orb of eyes (D)
  3 ice dragons (D)
  A hydra (D)
  Erolcha (D)
  An entropy weaver (D)
  A merfolk aquamancer (D)
  An ogre mage (D)
  5 orc high priests (D)
  An alligator (D)
  A giant orange brain (D)
  A fire crab (shapeshifter) (D)
  A hill giant (shapeshifter) (D)
  A naga ritualist (D)
  A shambling mangrove (D)
  2 hill giants (D)
  2 mana vipers (D)
  A manticore (D)
  2 griffons (D)
  2 cyclopes (D)
  An orb spider (D)
  An orc knight (D)
  A salamander (D)
  3 sirens (D)
  4 black mambas (D)
  A demonic crawler (D)
  A yaktaur (D)
  A merfolk (D)
  3 spiny frogs (D)
  2 freezing wraiths (D)
  A jumping spider (D)
  3 giant leeches (D)
  A slime creature (D)
  A bog body (D)
  A snapping turtle (D)
  2 trapdoor spiders (D)
  4 blink frogs (D)
  A redback (D)
  A yak (D)
  A water elemental (D)
  2 tarantellas (D)
  Eustachio (D)
  4 hippogriffs (D)
  2 vampire mosquitoes (D)
  A basilisk (D)
  A water moccasin (D)
  3 porcupines (D)
  2 swamp drakes (D)
  An ice beast (D)
  A black bear (D)
  4 crocodiles (D)
  11 orc warriors (D)
  3 giant frogs (D)
  17 orc priests (D)
  A quasit (D)
  2 crimson imps (D)
  2 orc wizards (D)
  An iguana (D)
  2 worker ants (D)
  A river rat (D)
  A shadow imp (D)
  An adder skeleton (D)
  4 orcs (D)
  A hobgoblin (D)
  A quokka (D)
  4 bats (D)
  A giant gecko skeleton (D)
  A jackal zombie (D)
143 creatures vanquished.

Vanquished Creatures (others)
  An ogre mage (D)
1 creature vanquished.

Grand Total: 144 creatures vanquished

Notes
Turn   | Place    | Note
--------------------------------------------------------------
     0 | D        | hexophile the Spriggan Transmuter began the quest for the Orb.
     0 | D        | Reached XP level 1. HP: 9/9 MP: 5/5
    19 | D        | Reached skill level 4 in Transmutations
   156 | D        | Noticed a worker ant
   156 | D        | Noticed a worker ant
   156 | D        | Noticed a crimson imp
   167 | D        | Found a glowing silver altar of Zin.
   167 | D        | Found a glowing golden altar of the Shining One.
   167 | D        | Found an ancient bone altar of Kikubaaqudgha.
   167 | D        | Found a basalt altar of Yredelemnul.
   167 | D        | Found a shimmering altar of Xom.
   167 | D        | Found a radiant altar of Vehumet.
   168 | D        | Found an iron altar of Okawaru.
   169 | D        | Found a burning altar of Makhleb.
   170 | D        | Found a deep blue altar of Sif Muna.
   171 | D        | Found a bloodstained altar of Trog.
   172 | D        | Found a sparkling altar of Nemelex Xobeh.
   173 | D        | Found a white marble altar of Elyvilon.
   174 | D        | Found a roughly hewn altar of Beogh.
   175 | D        | Found a viscous altar of Jiyva.
   176 | D        | Found a corrupted altar of Lugonu.
   177 | D        | Found a blossoming altar of Fedhas.
   178 | D        | Found a snail-covered altar of Cheibriados.
   179 | D        | Found a shadowy altar of Dithmenos.
   180 | D        | Found a stormy altar of Qazlal.
   181 | D        | Found an opulent altar of Gozag.
   182 | D        | Found a sacrificial altar of Ru.
   186 | D        | Became a worshipper of Cheibriados the Contemplative
   228 | D        | Killed a worker ant
   228 | D        | Reached skill level 5 in Dodging
   228 | D        | Reached skill level 6 in Transmutations
   228 | D        | Reached XP level 2. HP: 12/14 MP: 6/6
   229 | D        | Killed a worker ant
   229 | D        | Reached skill level 7 in Transmutations
   229 | D        | Reached XP level 3. HP: 14/17 MP: 8/8
   347 | D        | Killed a crimson imp
   347 | D        | Reached skill level 8 in Transmutations
   347 | D        | Reached XP level 4. HP: 14/21 MP: 9/9
   437 | D        | Noticed a giant frog
   437 | D        | Noticed an orc warrior
   437 | D        | Noticed a black bear
   437 | D        | Noticed an iguana
   437 | D        | Noticed an ice beast
   439 | D        | Killed a black bear
   439 | D        | Reached skill level 10 in Transmutations
   439 | D        | Reached XP level 5. HP: 25/25 MP: 10/10
   440 | D        | Killed a giant frog
   440 | D        | Acquired Cheibriados's first power
   440 | D        | Reached skill level 5 in Unarmed Combat
   440 | D        | Reached skill level 11 in Transmutations
   440 | D        | Killed an orc warrior
   440 | D        | Reached XP level 6. HP: 29/29 MP: 11/11
   442 | D        | Killed an iguana
   442 | D        | Reached skill level 12 in Transmutations
   542 | D        | Learned a level 5 spell: Blade Hands
   553 | D        | Killed an ice beast
   553 | D        | Reached skill level 10 in Dodging
   553 | D        | Reached skill level 13 in Transmutations
   602 | D        | Noticed a griffon
   602 | D        | Noticed a hill giant
   602 | D        | Noticed a hill giant
   602 | D        | Noticed a crimson imp
   602 | D        | Noticed an orc warrior
   609 | D        | Killed a griffon
   609 | D        | Reached XP level 7. HP: 11/38 MP: 6/12
   611 | D        | Killed a crimson imp
   616 | D        | Killed a hill giant
   616 | D        | Reached XP level 8. HP: 38/44 MP: 7/13
   620 | D        | Killed a hill giant
   624 | D        | Killed an orc warrior
   766 | D        | Noticed a crocodile
   766 | D        | Noticed a porcupine
   766 | D        | Noticed a spiny frog
   766 | D        | Noticed a crocodile
   766 | D        | Noticed a water moccasin
   769 | D        | Noticed a giant frog
   770 | D        | HP: 3/46 [crocodile (19)]
   772 | D        | Killed a crocodile
   772 | D        | Reached skill level 10 in Unarmed Combat
   776 | D        | Noticed a hippogriff
   776 | D        | Killed a porcupine
   776 | D        | Reached XP level 9. HP: 28/51 MP: 9/14
   779 | D        | Killed a spiny frog
   781 | D        | Killed a crocodile
   783 | D        | Killed a water moccasin
   784 | D        | Killed a giant frog
   784 | D        | Reached skill level 14 in Dodging
   785 | D        | Noticed a crocodile
   787 | D        | Killed a hippogriff
   787 | D        | Acquired Cheibriados's second power
   790 | D        | Killed a crocodile
   807 | D        | Noticed a hippogriff
   807 | D        | Noticed a porcupine
   807 | D        | Noticed a giant frog
   807 | D        | Noticed a yak
   807 | D        | Noticed a blink frog
   807 | D        | Noticed a porcupine
   809 | D        | Killed a hippogriff
   810 | D        | Killed a porcupine
   810 | D        | Acquired Cheibriados's third power
   811 | D        | Killed a giant frog
   812 | D        | Noticed a basilisk
   814 | D        | Noticed a crocodile
   815 | D        | Killed a yak
   816 | D        | Killed a blink frog
   818 | D        | Noticed a hippogriff
   818 | D        | Killed a porcupine
   818 | D        | Acquired Cheibriados's fourth power
   820 | D        | Killed a basilisk
   821 | D        | Killed a crocodile
   824 | D        | Killed a hippogriff
   824 | D        | Reached skill level 10 in Fighting
   832 | D        | Noticed a blink frog
   832 | D        | Noticed a giant leech
   832 | D        | Noticed a blink frog
   832 | D        | Noticed a giant leech
   832 | D        | Noticed a spiny frog
   832 | D        | Noticed a spiny frog
   833 | D        | Noticed a blink frog
   834 | D        | Killed a blink frog
   834 | D        | Reached skill level 15 in Dodging
   834 | D        | Reached XP level 10. HP: 45/59 MP: 12/15
   840 | D        | Noticed a vampire mosquito
  1223 | D        | Killed a giant leech
  1223 | D        | Reached skill level 1 in Invocations
  1233 | D        | Killed a giant leech
  1234 | D        | Killed a spiny frog
  1244 | D        | Killed a spiny frog
  1245 | D        | Killed a blink frog
  1247 | D        | Killed a vampire mosquito
  1247 | D        | Reached skill level 5 in Invocations
  1255 | D        | Killed a blink frog
  1475 | D        | Noticed an orc priest
  1475 | D        | Noticed an orc priest
  1475 | D        | Noticed an orc priest
  1475 | D        | Noticed an orc wizard
  1475 | D        | Noticed an orc priest
  1475 | D        | Noticed an orc priest
  1477 | D        | Killed an orc priest
  1478 | D        | Noticed an orc priest
  1480 | D        | Killed an orc priest
  1482 | D        | Killed an orc priest
  1483 | D        | Noticed an orc warrior
  1484 | D        | Killed an orc wizard
  1485 | D        | Killed an orc priest
  1488 | D        | Noticed an orc priest
  1488 | D        | Killed an orc priest
  1491 | D        | Killed an orc priest
  1492 | D        | Noticed an orc priest
  1492 | D        | Killed an orc warrior
  1492 | D        | Reached skill level 16 in Dodging
  1495 | D        | Killed an orc priest
  1498 | D        | Killed an orc priest
  1635 | D        | Noticed an orc warrior
  1635 | D        | Noticed an orc warrior
  1635 | D        | Noticed an orc wizard
  1635 | D        | Noticed an orc warrior
  1635 | D        | Noticed an orc warrior
  1635 | D        | Noticed an orc warrior
  1637 | D        | Killed an orc warrior
  1638 | D        | Noticed an orc knight
  1640 | D        | Killed an orc warrior
  1644 | D        | Killed an orc warrior
  1645 | D        | Killed an orc warrior
  1646 | D        | Noticed an orc warrior
  1648 | D        | Noticed an orc warrior
  1648 | D        | Killed an orc wizard
  1649 | D        | Noticed an orc warrior
  1649 | D        | Killed an orc knight
  1650 | D        | Killed an orc warrior
  1651 | D        | Noticed an orc priest
  1652 | D        | Killed an orc warrior
  1654 | D        | Killed an orc warrior
  1658 | D        | Killed an orc warrior
  1660 | D        | Killed an orc priest
  1776 | D        | Found Kisyr's Armour Emporium.
  1776 | D        | Noticed an orc priest
  1776 | D        | Noticed an orc high priest
  1776 | D        | Noticed an orc priest
  1776 | D        | Noticed an orc high priest
  1776 | D        | Noticed an orc priest
  1777 | D        | Killed an orc priest
  1778 | D        | Noticed an orc high priest
  1778 | D        | Killed an orc priest
  1779 | D        | Noticed a soul eater
  1779 | D        | Killed an orc priest
  1790 | D        | Killed an orc high priest
  1794 | D        | Killed a soul eater
  1794 | D        | Killed an orc high priest
  1794 | D        | Reached XP level 11. HP: 24/65 MP: 13/18
  1800 | D        | Killed an orc high priest
  1800 | D        | Reached skill level 17 in Dodging
  2093 | D        | Learned a level 4 spell: Ice Form
  2096 | D        | Noticed an orc priest
  2103 | D        | Killed an orc priest
  2113 | D        | Found Nine's Antique Weapon Shoppe.
  2117 | D        | Found Kuesoop's Weapon Emporium.
  2119 | D        | Noticed an orc high priest
  2120 | D        | Found Olujod's Distillery.
  2122 | D        | Noticed an orc priest
  2122 | D        | Noticed an orc high priest
  2123 | D        | Noticed an orc priest
  2125 | D        | Noticed an orc priest
  2127 | D        | Killed an orc high priest
  2128 | D        | Noticed an orc priest
  2128 | D        | Killed an orc priest
  2128 | D        | Killed an orc priest
  2128 | D        | Killed an orc priest
  2128 | D        | Killed an orc priest
  2135 | D        | Killed an orc high priest
  2271 | D        | Bought a runed lajatang for 360 gold pieces
  2280 | D        | Bought a +5 lajatang of electrocution for 838 gold pieces
  2311 | D        | Noticed Maurice
  2532 | D        | Noticed Erolcha
  2549 | D        | Killed Erolcha
  2798 | D        | Noticed a cyclops
  2798 | D        | Noticed a freezing wraith
  2798 | D        | Noticed a fire crab
  2798 | D        | Noticed a freezing wraith
  2798 | D        | Noticed a hippogriff
  2801 | D        | Noticed a quasit
  2803 | D        | Killed a cyclops
  2804 | D        | Noticed a cyclops
  2806 | D        | Killed a freezing wraith
  2809 | D        | Killed a fire crab
  2809 | D        | Reached skill level 18 in Dodging
  2811 | D        | Noticed an ice dragon
  2811 | D        | Killed a freezing wraith
  2812 | D        | Noticed a lich
  2812 | D        | Killed a hippogriff
  2814 | D        | Noticed a slime creature
  2814 | D        | Killed a quasit
  2818 | D        | Killed a cyclops
  2821 | D        | Killed a lich
  2821 | D        | Reached skill level 5 in Staves
  2828 | D        | Killed an ice dragon
  2828 | D        | Reached XP level 12. HP: 55/72 MP: 13/20
  2833 | D        | Killed a slime creature
  2908 | D        | Noticed a giant orange brain
  2909 | D        | Noticed an ice dragon
  2910 | D        | Noticed a yaktaur captain
  2911 | D        | Noticed a yaktaur
  2915 | D        | Killed a giant orange brain
  2915 | D        | Reached skill level 19 in Dodging
  2918 | D        | Killed an ice dragon
  2921 | D        | Killed a yaktaur captain
  2923 | D        | HP: 2/72 [yaktaur (15)]
  2924 | D        | Killed a yaktaur
  3438 | D        | Noticed a demonic crawler
  3438 | D        | Noticed a tarantella
  3438 | D        | Noticed an entropy weaver
  3438 | D        | Noticed a jumping spider
  3438 | D        | Noticed an orb spider
  3541 | D        | Noticed a redback
  3541 | D        | Noticed a trapdoor spider
  3546 | D        | Killed a trapdoor spider
  3547 | D        | Noticed a tarantella
  3548 | D        | Killed a demonic crawler
  3550 | D        | Killed a tarantella
  3552 | D        | Killed a jumping spider
  3560 | D        | Killed an entropy weaver
  3563 | D        | Killed an orb spider
  3563 | D        | Reached skill level 5 in Spellcasting
  3564 | D        | Killed a redback
  3567 | D        | Killed a tarantella
  3852 | D        | Noticed a trapdoor spider
  3854 | D        | Killed a trapdoor spider
  3987 | D        | Noticed a greater naga
  3987 | D        | Noticed a mana viper
  3987 | D        | Noticed a naga ritualist
  3987 | D        | Noticed a black mamba
  3987 | D        | Noticed a black mamba
  3987 | D        | Noticed a black mamba
  3989 | D        | Noticed a black mamba
  3994 | D        | Killed a greater naga
  3995 | D        | Killed a mana viper
  3996 | D        | Noticed a salamander
  3997 | D        | Noticed a mana viper
  4012 | D        | HP: 7/73 [poisoned by a naga ritualist (toxic radiance)]
  4018 | D        | HP: 6/73 [poisoned by a naga ritualist (toxic radiance)]
  4025 | D        | HP: 6/73 [poisoned by a naga ritualist (toxic radiance)]
  4030 | D        | HP: 6/73 [poisoned by a naga ritualist (toxic radiance)]
  4036 | D        | HP: 6/73 [poisoned by a naga ritualist (toxic radiance)]
  4042 | D        | HP: 7/73 [poisoned by a naga ritualist (toxic radiance)]
  4048 | D        | HP: 7/73 [poisoned by a naga ritualist (toxic radiance)]
  4120 | D        | Killed a salamander
  4120 | D        | Reached skill level 20 in Dodging
  4281 | D        | Killed a mana viper
  4332 | D        | Killed a naga ritualist
  4356 | D        | HP: 7/73 [poisoned by a naga ritualist (toxic radiance)]
  4361 | D        | HP: 5/73 [poisoned by a naga ritualist (toxic radiance)]
  4366 | D        | HP: 4/73 [poisoned by a naga ritualist (toxic radiance)]
  4373 | D        | HP: 4/73 [poisoned by a naga ritualist (toxic radiance)]
  4381 | D        | HP: 4/73 [poisoned by a naga ritualist (toxic radiance)]
  4387 | D        | HP: 4/73 [poisoned by a naga ritualist (toxic radiance)]
  4393 | D        | HP: 4/73 [poisoned by a naga ritualist (toxic radiance)]
  4399 | D        | HP: 5/73 [poisoned by a naga ritualist (toxic radiance)]
  4850 | D        | Killed a black mamba
  5053 | D        | Killed a black mamba
  5072 | D        | Killed a black mamba
  5088 | D        | Killed a black mamba
  6128 | D        | Noticed a merfolk aquamancer
  6128 | D        | Noticed a water elemental
  6128 | D        | Noticed a merfolk
  6128 | D        | Noticed a siren
  6128 | D        | Noticed a snapping turtle
  6128 | D        | Noticed a manticore
  6129 | D        | Noticed a griffon
  6134 | D        | Killed a merfolk aquamancer
  6138 | D        | Noticed a siren
  6140 | D        | Killed a water elemental
  6141 | D        | Noticed a siren
  6144 | D        | Killed a merfolk
  6147 | D        | Killed a siren
  6149 | D        | Killed a snapping turtle
  6151 | D        | Killed a manticore
  6153 | D        | Killed a griffon
  6153 | D        | Reached XP level 13. HP: 47/77 MP: 22/27
  6155 | D        | Killed a siren
  6155 | D        | Reached skill level 10 in Spellcasting
  6159 | D        | Killed a siren
  6464 | D        | Noticed an alligator
  6464 | D        | Noticed a shambling mangrove
  6464 | D        | Noticed a swamp drake
  6464 | D        | Noticed a vampire mosquito
  6464 | D        | Noticed a bog body
  6464 | D        | Noticed a giant leech
  6470 | D        | Killed an alligator
  6470 | D        | Reached skill level 10 in Staves
  6471 | D        | Noticed a thorn hunter
  6472 | D        | Noticed a swamp drake
  6475 | D        | Noticed a five-headed hydra
  6478 | D        | Killed a shambling mangrove
  6481 | D        | Killed a swamp drake
  6483 | D        | Killed a vampire mosquito
  6485 | D        | Killed a bog body
  6487 | D        | Killed a giant leech
  6493 | D        | Killed a thorn hunter
  6498 | D        | Killed a five-headed hydra
  6500 | D        | Killed a swamp drake
  6738 | D        | Noticed Eustachio
  6747 | D        | Killed Eustachio
  6811 | D        | Noticed a faun
  6811 | D        | Noticed an ogre mage
  6811 | D        | Noticed a great orb of eyes
  6811 | D        | Noticed an ice dragon
  6811 | D        | Noticed an ogre mage
  6811 | D        | Noticed a fire dragon
  6811 | D        | a faun changed into a hill giant
  6812 | D        | Noticed a fire giant
  6815 | D        | Noticed a frost giant
  6818 | D        | Killed an ogre mage
  6818 | D        | Paralysed by a great orb of eyes for 6 turns
  6824 | D        | Noticed a spriggan air mage
  6831 | D        | Killed a great orb of eyes
  6831 | D        | Reached skill level 15 in Unarmed Combat
  6835 | D        | Killed an ice dragon
  6836 | D        | Killed an ogre mage
  6837 | D        | Noticed a deep troll shaman
  6837 | D        | Killed from afar by a fire dragon

Vault maps used:
D:        linesprint

Action                   |  1- 3 |  4- 6 |  7- 9 | 10-12 | 13-15 || total
-------------------------+-------+-------+-------+-------+-------++-------
Melee: Unarmed           |    29 |     9 |    43 |   167 |    34 ||   282
       Staff             |    71 |     2 |     1 |    11 |       ||    85
       Lajatang          |       |       |       |    18 |    22 ||    40
 Cast: Beastly Appendage |     5 |       |       |       |       ||     5
       Blade Hands       |       |     2 |     2 |    20 |       ||    24
       Ice Form          |       |       |       |       |     2 ||     2
Invok: Bend Time         |       |     3 |       |       |       ||     3
       Slouch            |       |       |       |     9 |       ||     9
       Step From Time    |       |       |       |     1 |       ||     1
Evoke: Wand              |     2 |     5 |       |       |       ||     7
  Use: Potion            |     2 |       |     5 |    10 |       ||    17
       Scroll            |     1 |       |       |     6 |       ||     7
 Stab: Invisible         |       |       |       |     3 |       ||     3
       Sleeping          |       |       |       |     1 |       ||     1
  Eat: Bread ration      |       |       |       |     2 |       ||     2
